 Dungeon Sprint DCSS version 0.26.1-10-gdfb7c7de75 (webtiles) character file.

Game seed: 3405179605369432692

2895 phalm the Grappler (level 9, -14/82 HPs)
             Began as a Vine Stalker Berserker on Apr 8, 2021.
             Was an Elder of Trog.
             Killed from afar by a crystal guardian (33 damage)
             ... with a crystal bolt
             ... in the Dungeon (Sprint II: "The Violet Keep of Menkaure").
             The game lasted 00:05:14 (549 turns).

phalm the Grappler (Vine Stalker Berserker)          Turns: 549, Time: 00:05:14

Health: -14/82     AC:  5    Str: 21    XL:     9   Next: 77%
Magic:  0/10       EV: 20    Int:  7    God:    Trog [****..]
Gold:   129        SH:  0    Dex: 21    Spells: 8/8 levels left

rFire    . . .     SeeInvis .     - Unarmed
rCold    . . .     Faith    .   (no shield)
rNeg     . . .     Spirit   +   a - +0 animal skin
rPois    +         Reflect  .   (no helmet)
rElec    .         Harm     .   (no cloak)
rCorr    .         Rampage  .   i - +1 pair of gloves "Yffuelot" {+Inv Will+++ Str+2 Slay-4}
Will     +++++     NoTele   +   (no boots)
Stlth    ..........             (no amulet)
HPRegen  1.63/turn              h - ring "Bolamni" {rPois Dex+3 Slay+2 Stlth+}
MPRegen  0.12/turn              (no ring)

@: berserking (expiring), lethally poisoned (-14 -> -41), regenerating, very
quick
A: fangs 3, regeneration 1, magic shield, antimagic bite, no potion heal 3
a: Renounce Religion, Evoke Invisibility, Berserk, Trog's Hand, Brothers in Arms


You were in the Dungeon.
You worshipped Trog.
Trog was greatly pleased with you.
You visited 1 branch You collected 810 gold pieces.
You spent 681 gold pieces at shops.

Inventory:

Armour
 a - a +0 animal skin (worn)
 i - the +1 pair of gloves "Yffuelot" (worn) {+Inv Will+++ Str+2 Slay-4}
   (You bought it in a shop in the Dungeon)

   It affects your strength (+2).
   It affects your accuracy and damage with ranged weapons and melee attacks
   (-4).
   It affects your willpower, your defense against some magical effects.
   It lets you turn invisible.
Jewellery
 h - the ring "Bolamni" (left hand) {rPois Dex+3 Slay+2 Stlth+}
   (You bought it in a shop in the Dungeon)

   [ring of stealth]

   It affects your dexterity (+3).
   It affects your accuracy and damage with ranged weapons and melee attacks
   (+2).
   It protects you from poison.
   It makes you more stealthy.
Scrolls
 f - a scroll of blinking
 g - a scroll of remove curse {unknown}
Potions
 b - a potion of curing
 c - a potion of haste
 d - 2 potions of magic
 e - a potion of berserk rage


   Skills:
 + Level 10.3 Fighting
 + Level 9.3 Armour
 + Level 9.3 Dodging
 + Level 6.8 Stealth
 + Level 11.1 Unarmed Combat


You had 8 spell levels left.
You didn't know any spells.
Your spell library was empty.

Dungeon Overview and Level Annotations

Branches:
Dungeon (1/1)

Altars:
Cheibriados
Dithmenos
Elyvilon
Fedhas
Gozag
Hepliaklqana
Kikubaaqudgha
Makhleb
Nemelex Xobeh
Okawaru
Qazlal
Ru
Sif Muna
Trog
Uskayaw
Vehumet
Wu Jian
Xom
Yredelemnul
Zin
The Shining One
Beogh
Jiyva
Lugonu

Shops:
D :}}[!=?:([:=[!=

Annotations:
D exclusion: oklob plant


Innate Abilities, Weirdness & Mutations

You have razor-sharp teeth.
Your natural rate of healing is unusually fast.
When hurt, damage is shared between your health and your magic reserves.
Your bite disrupts and absorbs the magic of your enemies.
Potions cannot restore your health.


Message History

You bite the death drake! You drain its power.
You feel invigorated.
The death drake is severely wounded.
* * * LOW HITPOINT WARNING * * *
You feel very sick.
Your ogre hits the death drake with a cursed +0 giant club!!
The death drake dies!
Trog accepts your kill.
Your Stealth skill increases to level 6!
Your Unarmed Combat skill increases to level 11!
* * * LOW HITPOINT WARNING * * *
You feel very sick.
The crystal guardian fires a crystalline bolt at you.
The crystal bolt misses you.
You see here a death drake corpse.
You feel a strong urge to attack something.
* * * LOW HITPOINT WARNING * * *
You feel very sick.
The crystal guardian fires a crystalline bolt at you.
The crystal bolt burns your ogre!! The crystal bolt burns you!!!
You die...

..8○○°°○# °°.○..° ... ○°○.°
.^. ## ++#+++## .^^#!##
.......# ..#.k# ##'##..#
#.#kk# #...##.#### +.##8#
..#..#....# #..O####
#.#.####..## ##.@##.# !($
##÷## .##..# +..#..#▓($!)?
##.##.B.#..# #..#..#▓)!(?((
'.<.+# +..####^.##.#▓?!(!)(!
##.##..$#....###...##▓▓▓▓▓▓▓+
##†## B##......≈≈)≈≈≈≈≈≈≈≈≈≈
#.#.####≈≈....§≈#'########+##
.###.#≈≈§≈≈≈≈..≈#(†_.....#§§≈
#.#.##≈≈≈≈≈≈≈≈.≈#._._....#S§§


You could see a crystal guardian, 2 swamp drakes and a friendly ogre (summoned,
berserk, very poisoned, slow).

Vanquished Creatures
  A merfolk siren (D)
  A yaktaur (D)
  3 polar bears (D)
  A blink frog (D)
  A hornet (D)
  2 wyverns (D)
  Menkaure (D)
  A water moccasin (D)
  4 necrophages (D)
15 creatures vanquished.

Vanquished Creatures (collateral kills)
  A death drake (D)
1 creature vanquished.

Grand Total: 16 creatures vanquished

Notes
Turn   | Place    | Note
-------+----------+-------------------------------------------
     0 | D        | phalm the Vine Stalker Berserker began the quest for the
                  | Orb.
     0 | D        | Reached XP level 1. HP: 11/11 MP: 2/2
     1 | D        | Noticed a necrophage
     1 | D        | Noticed a necrophage
     1 | D        | Noticed a necrophage
     1 | D        | Noticed a necrophage
     7 | D        | Killed a necrophage
     8 | D        | Reached skill level 5 in Unarmed Combat
     8 | D        | Reached XP level 2. HP: 18/18 MP: 3/3
     8 | D        | Reached XP level 3. HP: 21/21 MP: 4/4
     8 | D        | Gained mutation: Your natural rate of healing is unusually
                  | fast. [Vine Stalker growth]
     8 | D        | Reached XP level 4. HP: 26/26 MP: 5/5
     9 | D        | Killed a necrophage
    10 | D        | Reached skill level 5 in Fighting
    10 | D        | Reached skill level 6 in Unarmed Combat
    10 | D        | Reached XP level 5. HP: 31/31 MP: 6/6
    13 | D        | Killed a necrophage
    13 | D        | Reached ** piety under Trog
    14 | D        | Reached skill level 5 in Armour
    14 | D        | Reached skill level 5 in Dodging
    14 | D        | Reached XP level 6. HP: 36/36 MP: 7/7
    19 | D        | Killed a necrophage
    20 | D        | Reached skill level 7 in Unarmed Combat
    63 | D        | Noticed an obsidian statue
    64 | D        | Noticed a water moccasin
    69 | D        | Killed a water moccasin
    70 | D        | Reached XP level 7. HP: 42/42 MP: 8/8
    77 | D        | Noticed a merfolk siren
    82 | D        | Killed a merfolk siren
    82 | D        | Reached *** piety under Trog
    83 | D        | Reached skill level 9 in Unarmed Combat
   127 | D        | Noticed a boulder beetle
   127 | D        | Noticed a boulder beetle
   130 | D        | Noticed a wyvern
   130 | D        | Noticed a wyvern
   133 | D        | Killed a wyvern
   134 | D        | Gained mutation: You have razor-sharp teeth. [Vine Stalker
                  | growth]
   134 | D        | Reached XP level 8. HP: 48/48 MP: 5/9
   135 | D        | Killed a wyvern
   182 | D        | Found Nahadeng's Magic Scroll Shoppe.
   182 | D        | Found Laced's Book Shoppe.
   182 | D        | Found Lipavoaw's Antique Armour Shoppe.
   182 | D        | Found Teykahou's Jewellery Emporium.
   182 | D        | Found Itaod's Jewellery Shoppe.
   182 | D        | Found Gijoopu's Armour Emporium.
   183 | D        | Found Eschaehonk's Distillery.
   183 | D        | Found Rireymeybb's Antique Weapon Shoppe.
   183 | D        | Found Covvaa's Book Emporium.
   183 | D        | Found Etub's Antique Armour Emporium.
   184 | D        | Found Sit Tum's Jewellery Shoppe.
   184 | D        | Found Tuqu Moa's Distillery.
   184 | D        | Found Tafaigyo's Gadget Shoppe.
   184 | D        | Found Kuphugun's Gadget Emporium.
   186 | D        | Noticed Menkaure
   186 | D        | Noticed a redback
   186 | D        | Noticed a redback
   186 | D        | Noticed an oklob plant
   207 | D        | Killed Menkaure
   207 | D        | Reached **** piety under Trog
   225 | D        | Noticed a blink frog
   317 | D        | Killed a blink frog
   319 | D        | Found Entakk's Book Shoppe.
   331 | D        | Noticed a fire dragon
   353 | D        | Bought the ring "Bolamni" {rPois Dex+3 Slay+2 Stlth+} for
                  | 520 gold pieces
   356 | D        | Bought a pair of bloodstained gloves for 161 gold pieces
   361 | D        | Identified the +1 pair of gloves "Yffuelot" {+Inv Will+++
                  | Str+2 Slay-4} (You bought it in a shop in the Dungeon)
   375 | D        | Noticed a flying skull
   375 | D        | Noticed a flying skull
   375 | D        | Noticed a flying skull
   375 | D        | Noticed a flying skull
   375 | D        | Noticed a flying skull
   375 | D        | Noticed a flying skull
   375 | D        | Noticed a flying skull
   376 | D        | Noticed a flying skull
   376 | D        | Noticed a flying skull
   376 | D        | Noticed a flying skull
   376 | D        | Noticed a flying skull
   376 | D        | Noticed a flying skull
   387 | D        | Found a stormy altar of Qazlal.
   387 | D        | Found an ornate altar of the Wu Jian Council.
   399 | D        | Found a hazy altar of Hepliaklqana.
   399 | D        | Found a sacrificial altar of Ru.
   400 | D        | Found a roughly hewn altar of Beogh.
   400 | D        | Found a viscous altar of Jiyva.
   400 | D        | Found a shimmering blue altar of Sif Muna.
   401 | D        | Found a snail-covered altar of Cheibriados.
   401 | D        | Found an ancient bone altar of Kikubaaqudgha.
   401 | D        | Found a shimmering altar of Xom.
   401 | D        | Found a bloodstained altar of Trog.
   402 | D        | Found a shadowy altar of Dithmenos.
   402 | D        | Found a corrupted altar of Lugonu.
   403 | D        | Found a white marble altar of Elyvilon.
   403 | D        | Found a burning altar of Makhleb.
   403 | D        | Found a glowing golden altar of the Shining One.
   403 | D        | Found a basalt altar of Yredelemnul.
   403 | D        | Found a hide-covered altar of Uskayaw.
   404 | D        | Found a blossoming altar of Fedhas.
   406 | D        | Found an opulent altar of Gozag.
   406 | D        | Found a sparkling altar of Nemelex Xobeh.
   406 | D        | Noticed a hornet
   406 | D        | Noticed a polar bear
   407 | D        | Found a glowing silver altar of Zin.
   407 | D        | Found a radiant altar of Vehumet.
   407 | D        | Found an iron altar of Okawaru.
   407 | D        | Noticed a yaktaur
   413 | D        | Noticed a polar bear
   414 | D        | Noticed a polar bear
   421 | D        | Killed a polar bear
   422 | D        | Reached skill level 10 in Unarmed Combat
   430 | D        | Killed a polar bear
   431 | D        | Reached XP level 9. HP: 22/53 MP: 4/10
   431 | D        | Killed a hornet
   433 | D        | Killed a polar bear
   434 | D        | Reached skill level 5 in Stealth
   443 | D        | HP: 1/54 [yaktaur (8)]
   446 | D        | Killed a yaktaur
   446 | D        | Reached ***** piety under Trog
   447 | D        | Reached skill level 10 in Fighting
   530 | D        | Noticed a death drake
   535 | D        | Noticed a death drake
   535 | D        | Noticed a crystal guardian
   547 | D        | Killed a death drake
   548 | D        | Reached skill level 11 in Unarmed Combat
   549 | D        | Killed from afar by a crystal guardian

Illustrated notes

Levels and vault maps discovered:
D:        the_violet_keep_of_menkaure [sprint2_stairs_cluster_1,
          sprint2_shoproom, sprint2_temple, sprint2_basic_supplies,
          sprint2_obstacle_1, sprint2_obstacle_2, sprint2_obstacle_3,
          sprint2_obstacle_5, sprint2_obstacle_6, sprint2_timed_cluster_1,
          sprint2_smallroom_cluster_1, sprint2_smallroom_final_cluster_1,
          sprint2_transparent_cluster_1, sprint2_second_timed_cluster_1,
          sprint2_sniper_area_1, sprint2_heavy_combat_area_1,
          sprint2_mutation_trap_area_1, sprint2_forest_area_1,
          sprint2_light_combat_area_1, sprint2_behind_water_1,
          sprint2_near_end_vault_1]

Skill      XL: |  1  2  3  4  5  6  7  8  9 |
---------------+----------------------------+-----
Fighting       | 4 5 6 7 8 9 10 | 10.3
Armour         | 3 4 5 6 7 8 9 |  9.3
Dodging        | 3 4 5 6 7 8 9 |  9.3
Unarmed Combat | 5 6 7 9 10 11 | 11.1
Stealth        | 3 6 |  6.8

Action                   |  1- 3 |  4- 6 |  7- 9 || total
-------------------------+-------+-------+-------++-------
Melee: Unarmed           |     4 |    16 |    55 ||    75
       Bite              |     2 |     4 |    21 ||    27
       Punch             |       |     1 |     5 ||     6
Invok: Berserk           |     1 |       |     6 ||     7
       Trog's Hand       |       |       |     2 ||     2
       Brothers in Arms  |       |       |     1 ||     1
Armor: Animal skin       |     1 |       |     2 ||     3
Dodge: Dodged            |     1 |     4 |    38 ||    43
